[Event "46th Barbera del Valles Open-A 2024"]
[Site "Barbera del Valles"]
[Date "2024.07.05"]
[Round "2.1"]
[White "Cuartas, Jaime Alexander"]
[Black "Jarocka, Liwia"]
[Result "1-0"]
[ECO "C11"]
[WhiteElo "2519"]
[BlackElo "2237"]
[Annotator "TA"]
[PlyCount "77"]
[EventDate "2024.06.25"]
[EventType "swiss"]
[EventCountry "ESP"]
[SourceTitle "playchess.com"]
[Source "ChessBase"]
[SourceQuality "1"]
[TimeControl "5400+30"]

1. e4 e6 2. d4 d5 3. Nc3 Nf6 4. e5 Nfd7 5. f4 c5 6. Nf3 Nc6 7. Be3 a6 8. Ne2 b5 9. g3 Bb7 10. Bg2 {[%emt 0:00:10] White is slightly better.} cxd4 11. Nexd4 Nxd4 12. Bxd4 Bc5 13. c3 Qb6 14. a3 Rc8 15. O-O O-O 16. Qd2 Bxd4+ 17. cxd4 Rc7 18. Rfc1 Rfc8 19. Bf1 Nb8 20. Rxc7 Rxc7 21. Rc1 g6 {[%emt 0:33:00] Black is weak on the dark squares} (21... Rxc1 $14 22. Qxc1 g6) 22. Rxc7 $16 Qxc7 23. g4 Bc8 24. Bd3 Bd7 25. Kf2 Qc8 26. h4 {[%emt 0:05:36][%cal Bh2h4,Bh4h5][%mdl 32] White is more active.} Qf8 27. h5 Nc6 28. Qc1 Be8 (28... Qh6 $142) 29. g5 ({Better is} 29. f5 {f6 would now be deadly.} exf5 30. gxf5) 29... Qe7 ({Black should try} 29... gxh5 30. Qh1 a5) 30. Ke3 (30. h6 $16) 30... Na5 ({Black should play} 30... gxh5 $14 31. Bb1 Qf8) 31. Qc8 Nc4+ $2 {[%emt 0:00:41][%mdl 8192] This move loses the game for Black.} (31... gxh5 $16 {is a better chance.} 32. Ke2 (32. Qxa6 Qc7 $11) 32... Qd7 33. Qxa6 Nb3) 32. Bxc4 $18 dxc4 {[%emt 0:00:03][%mdl 4096] Endgame. KQB-KQN} 33. h6 ({Not} 33. Qxa6 gxh5 34. Nd2 b4 $16) 33... a5 34. Nd2 {[%emt 0:00:33] [#] Strongly threatening Ne4.} Qd7 35. Qb8 {[%emt 0:01:49] Black must now prevent Ne4.} Qc6 36. Ne4 Kf8 37. Qd6+ Qxd6 38. exd6 {[%emt 0:00:06] [#] Threatening mate with Nf6.} a4 39. Kd2 {[%emt 0:00:06] Weighted Error Value: White=0.13 (very precise) /Black=0.74.  Loses game:     	---       	Black=1      Mistake:       	White=2     	Black=4      Inaccurate:     	---       	Black=2      OK:         	White=9     	Black=3      Best:        	White=2     	---} 1-0

[Event "46th Barbera del Valles Open-A 2024"]
[Site "Barbera del Valles"]
[Date "2024.07.05"]
[Round "2.2"]
[White "Fanninger, Leon"]
[Black "Berdayes Ason, Dylan Isidro"]
[Result "1-0"]
[ECO "A17"]
[WhiteElo "2186"]
[BlackElo "2519"]
[Annotator "TA"]
[PlyCount "219"]
[EventDate "2024.06.25"]
[EventType "swiss"]
[EventCountry "ESP"]
[SourceTitle "playchess.com"]
[Source "ChessBase"]
[SourceQuality "1"]
[TimeControl "5400+30"]

1. Nf3 d5 2. e3 Nf6 3. c4 e6 4. Nc3 Bd6 5. b3 O-O 6. Bb2 Re8 7. d4 b6 8. cxd5 {[%emt 0:01:43] The position is equal.} exd5 9. Bd3 Bb7 10. O-O Nbd7 11. Rc1 a6 {[%emt 0:00:03] Dodges Nb5} 12. Ne2 Qe7 13. Rc2 Ne4 14. Qa1 f6 15. a4 Rac8 16. a5 b5 17. Qc1 g6 (17... c5 $5 18. dxc5 Ndxc5 $15) 18. Nf4 $1 g5 (18... c6 {feels stronger.}) 19. Nh5 $11 Qf7 20. Ng3 Qg6 {[%emt 0:00:10] Wards off Nf5} (20... c5 $11) 21. Ne1 (21. Ba3 $16) 21... f5 22. Be2 {[%emt 0:01:44] Black should prevent Bh5.} f4 (22... g4 $11) 23. exf4 Bxf4 (23... gxf4 $16 24. Bh5 Qe6) 24. Qd1 $1 $18 Rf8 25. Nd3 Ndf6 26. Ne5 Qe8 (26... Qh6 $142 27. Bc1 Bxg3 28. fxg3 c6) 27. Nxe4 dxe4 28. g3 Bxe5 29. dxe5 Nd5 30. Bh5 Qe7 {[%emt 0:00:16] [#]} 31. e6 $1 c5 (31... Nf6 32. Bf7+) 32. Bf7+ (32. Qg4 $142 Nb4 33. Bf7+ Rxf7 34. exf7+ Kxf7 35. Rd1) 32... Rxf7 33. exf7+ Qxf7 34. Qg4 {[%emt 0:00:03][%cal Oc2d2] Wards off Qf5. Hoping for Rd2!} h6 35. h4 $1 (35. Qxe4 $2 Nf4 $19) 35... Rf8 36. Re2 {[%emt 0:00:31] Against Ne3} (36. hxg5 $18 {and White stays clearly on top.} Qf5 37. Qxf5 (37. gxh6+ $2 Qxg4 38. Ba3 b4 $19) 37... Rxf5 38. Rxc5 (38. gxh6 Nb4 $18) 38... Rxg5 39. Bc1) 36... e3 $16 37. f4 (37. f3 $1 $16 Bc8 38. Qe4) 37... Bc8 $11 38. Qf3 g4 (38... Bb7 $11) 39. Qe4 $14 Re8 {[%emt 0:00:00] Repels Qe5} (39... Qf5 $14 40. Rxe3 Nxe3 41. Qxe3 Rd8) 40. Qc2 $18 Bf5 $2 (40... Qf5) 41. Qxc5 Be4 (41... Bd3 $2 42. Qd4 Qd7 43. Qxd3) (41... Bc8 $142 42. Qd4 Kh7) 42. Qd4 Kh7 43. Rc1 Bf3 44. Ree1 h5 45. b4 e2 46. Rc5 Rd8 47. Qe5 $2 (47. Kh2 $18 Re8 48. Kg1) 47... Re8 $1 $14 48. Qd4 (48. Qd6 $14 Qe6 49. Qxe6 Rxe6 50. f5) 48... Rd8 $1 $18 (48... Ne3 49. Rg5 (49. Rxh5+ Kg6 $18) 49... Nc2 50. Rg7+ Kh6 51. Qc3 (51. Rxf7 Nxd4 52. Bxd4 Kg6 $18) 51... Re3 52. Rxf7 (52. Qxc2 Qxg7 53. Bxg7+ Kxg7 $18) 52... Rxc3 53. Bxc3) 49. Qd3+ Kg8 50. Rc6 {[%emt 0:00:42] Repels Qe6} Qa7+ 51. Bd4 Ne7 52. Rg6+ (52. Bxa7 Rxd3 53. Rxa6 Nf5 $16) (52. Qb3+ $142 Bd5 53. Qb2 (53. Bxa7 Bxb3 54. Rxa6 Bc4 $18) 53... Qxd4+ 54. Qxd4 Nxc6 55. Qf6) 52... Kf8 53. Bxa7 Rxd3 54. Bc5 (54. Rxa6 Kf7 55. Bc5 Nf5) (54. Rf6+ Kg7 55. Rxa6 Nf5 $18) 54... Kf7 55. Rxa6 Nd5 56. Ra7+ (56. Rd6 $142) 56... Kg6 57. Ra6+ $2 (57. a6) 57... Kf7 $1 58. Rh6 $2 (58. Ra7+ Kg6 59. Ra6+ Kf7 $18) (58. Rd6 $1 $18 {is the precise move to win.}) 58... Rd1 $2 (58... Nf6 $16) 59. Kf2 $1 Nc3 {[%emt 0:00:09] [#]} 60. Rxe2 Nxe2 (60... Bxe2 61. Rd6) 61. a6 $2 (61. Rxh5 Nc3 62. Ke3 Nd5+ 63. Kf2 Rd2+ 64. Ke1 Re2+ 65. Kf1) 61... Nc3 $19 62. a7 Ra1 $2 (62... Ne4+ $19 {is more deadly.} 63. Ke3 Nxg3) 63. Rxh5 Ne4+ 64. Ke3 Nxg3 65. Rh8 Nf5+ 66. Kd3 g3 $1 {[%emt 0:03:13] White must now prevent ...Rd1+.} 67. Rf8+ Ke6 68. h5 g2 $1 {[%emt 0:00:36] aiming for ...Rd1+.} (68... Bxh5 69. a8=Q (69. a8=B Ra3+ 70. Kd2 Bf3 $15) (69. a8=R Ra4 $18) 69... Rxa8 70. Rxa8 $14) 69. Rg8 Ra3+ (69... Bxh5 70. a8=Q (70. a8=B Bf7 $17) 70... Rxa8 71. Rxa8 $16) (69... Kd7 $19 70. Kc2 Be4+ (70... Bxh5 $2 71. a8=R $18) (70... Bd5 $2 71. Rg6 $19) 71. Kb2 Rb1+ 72. Ka2 Rc1) 70. Kd2 $17 Kf6 {[%emt 0:01:19] Prevents h6.} (70... Bxh5 71. a8=Q (71. a8=B Bf7 $15) 71... Rxa8 72. Rxa8 $16) (70... Kd7 $1 $17 {...Ra2+ would now be deadly.} 71. Rg6 Ra1 (71... Bxh5 72. Rxg2 Bf3 73. Rg5 $11)) 71. Rf8+ $11 Ke6 {[%emt 0:00:02][%cal Of5d6] Threatens to win with ...Nd6!} 72. Re8+ $2 (72. Rg8 $1 $11) 72... Kd7 $19 73. Rg8 Be4 (73... Bxh5 74. a8=Q (74. a8=B Ra2+ 75. Kc1 Bf7 $17) 74... Rxa8 75. Rxa8 $16) 74. Rg5 Rd3+ 75. Ke2 Ra3 (75... Rc3 $142 $1 76. Kd2 (76. Rxf5 $2 Rc2+ 77. Ke1 Rxc5 $19) 76... Rc2+ 77. Kd1 Rc3 (77... Ra2 78. Rg6 $17)) 76. Kd2 $1 Ra2+ $1 77. Kc3 $2 (77. Kc1 {is a better defense.}) 77... Ke6 $2 (77... Rc2+ 78. Kb3 Rc4) 78. Kb3 (78. h6 $142) 78... Bd5+ 79. Kc3 Ra3+ 80. Kd2 {[%emt 0:00:18] [#]} (80. Kb2 $142 Rb3+ 81. Kc1) 80... Be4 $2 (80... Ng3 $1 $19 81. Re5+ Kf7) 81. h6 $1 $15 Ra2+ (81... Nxh6 $2 82. Re5+ Kd7 83. Rxe4 $18 (83. Re7+ Kc6 $18)) 82. Kc3 {[%emt 0:00:12] [#]} ({Better is} 82. Kc1 $15) 82... Rc2+ $1 $19 (82... Nxh6 $2 83. Re5+ Kf6 84. Rxe4 $18) (82... Ra3+ 83. Kd2 $15) 83. Kb3 {[%emt 0:00:02] The board is on fire.} Nxh6 $2 (83... Rd2 $17 84. Rg6+ Kf7) 84. Re5+ Kf6 85. Rxe4 Rxc5 86. a8=Q (86. a8=B $2 g1=Q (86... g1=R 87. bxc5 Rc1 88. Re5 $14) 87. bxc5 Qb1+ (87... Qxc5 $2 88. Re5 $19) 88. Kc3 Qa1+ 89. Kc2 Qxa8 $19) 86... g1=Q 87. Qf8+ ({Worse is} 87. bxc5 Qb1+ 88. Kc3 Qc1+ 89. Kb3 Qb1+ 90. Kc3 Qc1+ 91. Kd3 Qd1+ 92. Kc3 Qc1+ $11) (87. Qh8+ $142 Kf5 88. Qh7+ (88. bxc5 Qb1+ 89. Ka3 Kxe4 $11) 88... Qg6 89. Qxg6+ Kxg6 90. bxc5 Kf6 91. c6 Nf5 92. c7 (92. Kb4 Nd6 93. Re5 Nc8 94. Kxb5 Kg7 95. c7 Kf8 96. Kc5 Kf7)) 87... Nf7 $18 {[%emt 0:00:02] ( -> ...Qb1+)} 88. Qe7+ (88. bxc5 $2 Qb1+ 89. Ka3 Qxe4 $17) 88... Kg7 89. bxc5 {[%emt 0:00:20] KQR-KQN} Qb1+ 90. Kc3 Qa1+ 91. Kd3 $2 (91. Kc2 $18 Qa2+ 92. Kd3) 91... Qd1+ $1 $11 92. Ke3 ({Less strong is} 92. Kc3 Qa1+ 93. Kd2 Qa2+ 94. Ke3 Qb3+ 95. Kf2 b4 $18) 92... Qe1+ 93. Kd3 Qd1+ $1 94. Kc3 $2 (94. Ke3 $11 Qe1+ 95. Kd3) 94... Qa1+ $18 95. Kd2 Qb2+ 96. Ke1 Qc1+ 97. Kf2 Qd2+ 98. Kf3 (98. Kg3 $142 Qc2 99. Re2 Qg6+ 100. Kf2) 98... Qd3+ 99. Kg2 Qd2+ 100. Kg3 {[%emt 0:00:43] Re2 is the strong threat.} b4 101. Re3 Qc2 102. Kh3 {[%emt 0:00:28] Intending Rg3+ and mate.} Qf5+ 103. Kg3 $2 (103. Kh2 $18 {Rg3+ would kill now.} Qh7+ 104. Kg2 Qc2+ 105. Kg1 Qg6+ 106. Kf2 Qc2+ 107. Re2) 103... Qg6+ $2 (103... Qc2 $11 104. Re2 Qg6+ 105. Kf2 b3) 104. Kf2 {[%emt 0:00:29] White threatens Rg3 and mate. White is clearly winning.} Qc2+ 105. Re2 Qh7 106. Qe3 {[%emt 0:00:31] And now c6 would win.} Qh2+ 107. Ke1 Qh1+ 108. Kd2 Qd5+ 109. Kc1 b3 110. Kb2 {[%emt 0:00:21] What a bad dream for Black.   Weighted Error Value: White=0.83/Black=0.44.  Loses game:     	White=1     	Black=2      Missed win:     	White=3     	Black=1      Mistake:       	White=11    	Black=13     Inaccurate:     	White=2     	Black=5      OK:         	White=14    	Black=18     Best:        	White=12    	Black=11     Strong:       	White=5     	Black=7      Brilliant:      	White=1     	---} 1-0

[Event "46th Barbera del Valles Open-A 2024"]
[Site "Barbera del Valles"]
[Date "2024.07.05"]
[Round "2.3"]
[White "Alsina Leal, Daniel"]
[Black "Singh, Siddharth"]
[Result "1/2-1/2"]
[ECO "B99"]
[WhiteElo "2512"]
[BlackElo "2050"]
[Annotator "RC"]
[PlyCount "124"]
[EventDate "2024.06.25"]
[EventType "swiss"]
[EventCountry "ESP"]
[SourceTitle "playchess.com"]
[Source "ChessBase"]
[SourceQuality "1"]
[TimeControl "5400+30"]

1. e4 c5 2. Nf3 d6 3. d4 cxd4 4. Nxd4 Nf6 5. Nc3 a6 6. Bg5 e6 7. f4 Be7 8. Qf3 Qc7 9. O-O-O Nbd7 10. g4 h6 11. Qh3 Nc5 12. Bg2 Rg8 13. Bh4 g5 14. fxg5 hxg5 15. Bg3 Ncd7 16. Nf3 e5 17. Nd2 Nb6 18. Bf3 Be6 19. Kb1 Rc8 20. Nf1 Na4 21. Rd3 Qc4 22. Ne3 Nxc3+ 23. bxc3 Qxa2+ 24. Kc1 Nd7 25. Qh7 Rf8 26. Nf5 Bxf5 27. Qxf5 Qe6 28. Bf2 Nc5 29. Bxc5 Rxc5 30. Qxe6 fxe6 31. Kd2 Kd7 32. h3 a5 33. Kc1 Rfc8 34. Kb2 Rb5+ 35. Kc1 Rc4 36. Re3 Ra4 37. Rd3 Rc4 38. Re3 Ra4 39. Kd2 Rb2 40. Be2 Raa2 41. Bd3 b5 42. Ree1 b4 43. cxb4 axb4 44. Rb1 d5 45. Rxb2 Rxb2 46. Ra1 Bc5 47. Ra5 Bb6 48. Rb5 Kc6 49. Kc1 Bd4 50. Ra5 b3 51. Ra4 Ra2 52. cxb3 Rh2 53. Ra6+ Kd7 54. Bb5+ Ke7 55. Bc6 Rxh3 56. exd5 Rxb3 57. d6+ Kxd6 58. Ba4+ Rb6 59. Rxb6+ Bxb6 60. Kd1 e4 61. Ke2 Ke5 62. Bd7 Ba7 1/2-1/2

[Event "46th Barbera del Valles Open-A 2024"]
[Site "Barbera del Valles"]
[Date "2024.07.05"]
[Round "2.4"]
[White "Navalgund, Niranjan"]
[Black "Diaz Perez, Michel Alejandro"]
[Result "0-1"]
[ECO "E04"]
[WhiteElo "2149"]
[BlackElo "2486"]
[Annotator "TA"]
[PlyCount "140"]
[EventDate "2024.06.25"]
[EventType "swiss"]
[EventCountry "ESP"]
[SourceTitle "playchess.com"]
[Source "ChessBase"]
[SourceQuality "1"]
[TimeControl "5400+30"]

1. Nf3 Nf6 2. g3 d5 3. c4 e6 4. Bg2 c5 5. d4 Nc6 6. O-O dxc4 7. dxc5 Qxd1 8. Rxd1 Bxc5 9. Nbd2 c3 10. bxc3 O-O 11. Nb3 Bb6 {[%emt 0:03:59] E04: Open Catalan: 5 Nf3.} 12. Nfd4 Bd7 13. Nb5 Ne5 14. Nd6 Bc6 15. c4 Bc7 $146 ({Predecessor:} 15... Rfd8 16. Bf4 Ng6 17. Nxb7 Rxd1+ 18. Rxd1 Nxf4 19. gxf4 Bxb7 20. Bxb7 Rb8 21. c5 Rxb7 22. cxb6 g6 23. bxa7 Rxa7 24. Ra1 Ra3 25. e3 {½-½ Varney,Z (1989)-Foisor,M (2198) BCF-chT 2223 (4NCL) 2022 (1.3)}) 16. Ba3 Rfd8 17. Nxb7 Rxd1+ 18. Rxd1 Bxg2 19. Kxg2 Nxc4 20. Rc1 Nxa3 21. Rxc7 Ne8 22. Rc6 g6 23. f4 Nf6 24. Nd6 a6 25. e4 Nb5 26. e5 Nd5 $1 27. a4 Nbc3 28. Nc5 a5 $1 29. Nde4 Nxe4 30. Nxe4 Kg7 $1 31. Nd6 Ne3+ 32. Kf2 Nf5 {[%emt 0:00:49] [#]} (32... Nd5 $14) 33. Ne4 (33. g4 $1 $16 Ne7 34. Rc7) 33... Rb8 $11 34. Rc7 h6 35. g4 Rb2+ 36. Ke1 Nh4 37. Nd6 Ng2+ 38. Kd1 Ne3+ 39. Kc1 Rxh2 $2 {[%emt 0:01:09][%mdl 8192] [#]} (39... Rb4 $14) 40. Rxf7+ $2 (40. Ne8+ $1 $18 Kf8 41. Nf6 Rh1+ 42. Kb2 Rh2+ 43. Kb3) 40... Kg8 ({Better is} 40... Kh8 $1 $11) 41. Rf6 $1 $14 Kh7 42. Rxe6 Nxg4 43. Re7+ Kg8 44. e6 (44. Re8+ $16 Kh7 45. Ra8) 44... Re2 $11 45. Kd1 Re3 $1 46. f5 $2 (46. Kd2 $11 {and White is okay.}) 46... Rd3+ $19 47. Ke2 Rxd6 48. Rd7 Rc6 49. Rd8+ Kg7 50. e7 Nf6 (50... gxf5 $2 {perishes.} 51. e8=Q (51. e8=R Kf6 $16) 51... Rc2+ 52. Kd3 $18) 51. e8=Q Nxe8 52. Rxe8 Rc4 ({Weaker is} 52... gxf5 53. Re5 $15) 53. fxg6 Kxg6 (53... Rxa4 54. Re6 $19) 54. Re5 Rxa4 55. Kf3 h5 56. Rb5 h4 57. Kg2 Ra3 58. Kh2 h3 59. Re5 Kf6 60. Re8 a4 61. Re4 Kf5 62. Re8 $2 (62. Rb4 $19 Ra1 63. Kxh3) 62... Rb3 63. Re7 a3 64. Re8 Kf4 65. Re7 a2 66. Ra7 Rb2+ 67. Kxh3 Ke3 68. Kg3 Kd3 69. Kf3 Kc2 70. Ke3 Kb1 0-1

[Event "46th Barbera del Valles Open-A 2024"]
[Site "Barbera del Valles"]
[Date "2024.07.05"]
[Round "2.5"]
[White "Solodovnichenko, Yuri"]
[Black "Kanakova, Natalie"]
[Result "1-0"]
[ECO "C77"]
[WhiteElo "2481"]
[BlackElo "2167"]
[Annotator "TA"]
[PlyCount "53"]
[EventDate "2024.06.25"]
[EventType "swiss"]
[EventCountry "ESP"]
[SourceTitle "playchess.com"]
[Source "ChessBase"]
[SourceQuality "1"]
[TimeControl "5400+30"]

1. e4 e5 2. Nf3 Nc6 3. Bb5 a6 4. Ba4 Nf6 5. Nc3 d6 6. Bxc6+ bxc6 7. d4 exd4 8. Nxd4 c5 9. Nc6 Qd7 10. Na5 {[%emt 0:00:05] A dynamic duo of knights.} Be7 {[%emt 0:02:40] White is slightly better.} 11. O-O O-O 12. h3 Re8 13. Re1 Bd8 14. Bf4 c6 15. Nb3 {[%emt 0:09:59] White is more active.} c4 {[%emt 0:11:18] [#]} 16. Nd2 d5 17. e5 d4 18. exf6 dxc3 19. bxc3 ({Of course not} 19. Rxe8+ $6 Qxe8 20. bxc3 Bxf6 $11) 19... Bxf6 20. Qf3 {[%emt 0:01:11] Hoping for Ne4.} ({Reject} 20. Nxc4 Qxd1 21. Rexd1 (21. Raxd1 Rxe1+ 22. Rxe1 Be6 $11) 21... Bxc3 $11) 20... Bb7 21. Ne4 $36 {[%emt 0:05:34][%mdl 2048] Keeping Black busy.} Be7 {[%emt 0:01:07] This costs Black the game.} (21... c5 $16) 22. Rad1 $18 Qf5 (22... Qc8 {might work better.} 23. Rb1 Rd8) 23. Rb1 Qc8 24. Be5 (24. Qg3 $142 {Threatens to win with Bh6.} Kh8 25. Nd2) 24... Kf8 $2 {[%emt 0:14:18] [#]} (24... f6) 25. Nd6 {[%emt 0:00:45] White is clearly winning.} Bxd6 26. Bxd6+ Kg8 27. Rxe8+ {[%emt 0:00:04] Weighted Error Value: White=0.23 (precise) /Black=0.29 (precise) .  Mistake:       	White=1     	Black=3      Inaccurate:     	White=2     	Black=2      OK:         	White=10    	Black=8      Best:        	White=1     	Black=2} 1-0

[Event "46th Barbera del Valles Open-A 2024"]
[Site "Barbera del Valles"]
[Date "2024.07.05"]
[Round "2.6"]
[White "Narciso Dublan, Marc"]
[Black "Fernandez Climent, Albert"]
[Result "1-0"]
[ECO "A39"]
[WhiteElo "2432"]
[BlackElo "2102"]
[Annotator "TA"]
[PlyCount "117"]
[EventDate "2024.06.25"]
[EventType "swiss"]
[EventCountry "ESP"]
[SourceTitle "playchess.com"]
[Source "ChessBase"]
[SourceQuality "1"]
[TimeControl "5400+30"]

1. c4 c5 2. Nf3 Nc6 3. d4 cxd4 4. Nxd4 d6 5. g3 g6 6. Bg2 Bd7 7. Nc3 Bg7 8. Be3 Nf6 9. h3 O-O 10. Rc1 a6 11. O-O Qa5 {[%emt 0:05:43] A39: Symmetrical English vs ...g6: 4 Bg2 Bg7 5 Nf3 Nf6 6 0-0 0-0 7 d4.} 12. Nb3 $146 ({Predecessor:} 12. c5 Nxd4 13. Bxd4 e5 14. Be3 dxc5 15. Qd6 Rad8 16. Qxc5 Qxc5 17. Bxc5 Rfe8 18. Bb6 Rc8 19. Rcd1 {1-0 Ackermann,H (2190)-Mann,G (1470) Muensterland op 38th 2021 (7)}) 12... Qh5 13. Nd5 Nxd5 14. cxd5 Ne5 15. f4 Bxh3 16. fxe5 Bxe5 17. Bf4 Bxb2 18. Rc7 $1 g5 {[%emt 0:10:10] [#]} 19. Bc1 (19. Bd2 $1 $16) 19... Be5 20. Qd3 (20. Rxb7 $2 Bc8 21. Rxe7 Bxg3 $19) (20. Rxe7 Bxg3 21. Re3 Qg4 22. Rxg3 (22. Rff3 $2 Bh2+ 23. Kf2 Qxg2+ $19) 22... Qxg3 $14) (20. e4 $16 Bg4 21. Qd2) 20... Rac8 21. Rxc8 $1 (21. Rxe7 $2 Rc3 22. g4 (22. Rxe5 $2 Rxd3 23. Rxg5+ Qxg5 $19) 22... Qxg4 $19 (22... Bxg4 23. Rxe5 Rxd3 24. Rxg5+ $14)) 21... Rxc8 22. Bd2 Bd7 23. Be4 Kg7 $2 (23... Bb5 $11 {and Black is okay.} 24. Qe3 Bxe2 (24... Qxe2 $2 25. Qxg5+ Kh8 26. Re1 $18)) 24. Nd4 $18 h6 $2 (24... f6 $16 {keeps fighting.} 25. Ne6+ Bxe6 26. dxe6 Qh3) 25. Bf5 $18 Bxf5 26. Nxf5+ Kf8 27. Rf2 Qg6 {[%emt 0:00:45] [#]} 28. Nxh6 $2 (28. Qb3 $1 $18 {[%cal Of5e7][%mdl 512] Hoping for Nxe7!} b5 (28... Rc7 29. Qb6) 29. Qa3) 28... Qxd3 $1 $14 (28... Qxh6 $2 29. Qf5 Kg7 30. Qxf7+ (30. Qxc8 Qg6 $18) 30... Kh8 31. Rh2 $18) 29. Rxf7+ (29. exd3 $2 Bd4 30. Ng4 Bxf2+ 31. Kxf2 Rc2 $19) 29... Ke8 30. exd3 Bf6 31. Rh7 Rc2 32. Be3 Rxa2 33. Ng4 Ra1+ $2 ({Black should play} 33... Ra3 $1 $14) 34. Kg2 Ra3 $2 (34... Ra5 35. Nxf6+ exf6 36. Rxb7 Rxd5) 35. Nxf6+ exf6 36. Kf3 Rxd3 $2 (36... f5 {might work better.} 37. Bxg5 (37. Rxb7 Rxd3 38. Ke2 Ra3 $18) 37... Rxd3+ 38. Kf4 Rxd5 39. Re7+ (39. Rxb7 a5 $18) 39... Kf8 40. Rxb7 a5) 37. Ke4 $18 (37. Rxb7 Rxd5 38. Kg4 a5 $16) 37... Rb3 38. g4 a5 39. Bd4 (39. Bc1 $142) 39... Rb4 $18 40. Kd3 a4 (40... Rb5 {is a better defense.} 41. Kc3 (41. Bxf6 Rxd5+ 42. Bd4 Rb5 $18) 41... a4 42. Bxf6 Rb3+ 43. Kc2 Rb4 44. Re7+ (44. Bxg5 Rxg4 45. Bf6 Rf4 $14) 44... Kf8) 41. Kc3 $2 (41. Bxf6 $18 {And now Re7+ would win.} Rf4 42. Be7 (42. Bxg5 Rxg4 43. Bd2 a3 $18)) 41... Rb3+ $14 42. Kc2 Rb4 43. Bxf6 Rxg4 $2 (43... a3 $1 $14) 44. Re7+ $18 (44. Rxb7 Rc4+ 45. Kd3 Rf4 $18) 44... Kf8 45. Rxb7 Re4 $2 (45... a3 46. Ra7 Ke8) 46. Kd3 $18 Re1 47. Bxg5 Re5 48. Bh6+ Ke8 49. Kc4 Re2 50. Ra7 Rc2+ 51. Kd3 Rh2 52. Bf4 Rh5 53. Ke4 Rh4 54. Rxa4 Kf7 55. Kf5 Rh5+ 56. Bg5 Rh1 57. Ra7+ Ke8 58. Ke6 Re1+ 59. Kxd6 1-0

[Event "46th Barbera del Valles Open-A 2024"]
[Site "Barbera del Valles"]
[Date "2024.07.05"]
[Round "2.7"]
[White "Kaustuv, Kundu"]
[Black "Kao, Jamison Edrich"]
[Result "1-0"]
[ECO "A21"]
[WhiteElo "2403"]
[BlackElo "2124"]
[Annotator "TA"]
[PlyCount "169"]
[EventDate "2024.06.25"]
[EventType "swiss"]
[EventCountry "ESP"]
[SourceTitle "playchess.com"]
[Source "ChessBase"]
[SourceQuality "1"]
[TimeControl "5400+30"]

1. c4 e5 2. g3 d6 3. Bg2 f5 4. Nc3 Nf6 5. d4 Be7 6. Nf3 e4 7. Nh4 O-O 8. Bg5 c6 {[%emt 0:13:54] The position is equal.} 9. f3 exf3 10. Nxf3 Ne4 11. Bc1 Nxc3 12. bxc3 Nd7 13. O-O Nb6 14. Qd3 Be6 15. Nd2 Qc8 16. a4 Bg5 17. e3 d5 18. c5 Nd7 19. a5 (19. c4 $11) 19... b5 $15 20. cxb6 axb6 21. Ba3 Re8 22. axb6 Qa6 $1 23. Qxa6 Bxe3+ 24. Kh1 Rxa6 25. Nb3 {[%emt 0:11:23] Black must now prevent Nc5.} Rxb6 (25... Nxb6 26. Nc5 Raa8 27. Nxe6 Rxe6 28. Bc5 Rxa1 29. Rxa1 $11) 26. Nc5 {[%emt 0:00:06] [#]} Nxc5 $1 27. Bxc5 Rb3 28. Ra6 Rc8 29. Ra7 {[%emt 0:09:06] Re7 would now be deadly.} Rxc3 30. Re7 Bf7 31. Rxf5 Rc1+ 32. Rf1 Rxf1+ 33. Bxf1 Bg5 34. Ra7 Re8 35. Rc7 Re1 36. Kg2 Re6 37. h4 Bf6 38. Kf3 g5 39. Rc8+ Kg7 40. Bf8+ Kg6 (40... Kg8 $11 {keeps the balance.}) 41. Bd3+ $16 Kh5 42. Bf5 {[%emt 0:00:10] Bg4+ would kill now.} (42. Bxh7 Bxd4 (42... gxh4 43. Bf5 $11) 43. hxg5 Kxg5 $17) 42... gxh4 $1 43. Rc7 (43. Bxh7 Bxd4 44. Bf5 Re3+ 45. Kf4 Rxg3 $19) 43... Kg5 44. Bxe6 (44. Rxf7 $2 Kxf5 45. Rxh7 hxg3 $19 (45... Bxd4 $2 46. Rh5+ Kg6 47. Rxh4 $19)) 44... Bxe6 45. gxh4+ $14 {[%emt 0:00:16][%mdl 4096] Endgame. KRB-KB} (45. Rxc6 Bg4+ 46. Kg2 h3+ 47. Kh2 Bxd4 $11) 45... Kf5 (45... Kg6 $16) 46. Rxh7 $18 {[%emt 0:02:39] And now h5 would win.} ({Not} 46. Rxc6 Bxd4 47. Rc7 h5 $14) 46... Bxd4 {[%emt 0:00:11] [#]} 47. Rc7 $2 (47. Bg7 $1 $18 {[%cal Rg7d4] is the precise move to win.} Bc5 48. Rh5+ Kg6 49. Rh6+ Kf7 50. Be5) 47... Be5 $16 48. Rxc6 {[%emt 0:00:14] White is more active.} Bf7 49. Be7 Bh5+ 50. Ke3 Bg3 (50... Kg4 $14) 51. Rc5 Bf7 52. Kf3 Be5 53. Rb5 Bh5+ 54. Ke3 Bf7 55. Bg5 Kg4 56. Bd8 Kf5 57. Rb7 Bg6 58. Rb5 Bf7 59. Ra5 Bf4+ 60. Kd3 Be5 {[%emt 0:00:25] Wards off Ra1} 61. Ra2 Bh5 (61... Be8 $16) 62. Rf2+ Ke6 63. Rg2 {[%emt 0:00:05] Inhibits Bg6+.} Bf3 64. Rg1 (64. Rg5 $142) 64... Be4+ (64... Bh5 $16 65. Ke3 Bc3) 65. Ke3 $18 Bf5 66. Bb6 Bf6 67. h5 Be4 (67... Be7 {was worth a try.} 68. Bd4 Bf8) 68. Bd4 {[%emt 0:00:33] Intending Bxf6 and mate.} Be7 69. Rg8 {[%emt 0:01:40] Dodges Bf8} (69. h6 $142) 69... Kf5 70. Kf2 Bh4+ 71. Kg1 {[%emt 0:00:23] Strongly threatening h6.} Bg5 72. Kf2 {[%emt 0:00:27] Wards off Bf3} (72. Bc5 $142) 72... Bh4+ $1 {[%emt 0:00:31] This pair of bishops is nice.} 73. Ke2 {[%emt 0:00:04] aiming for h6.} Bg5 74. Be3 Bf6 75. h6 {[%emt 0:00:41] Hoping for h7.} d4 $2 (75... Ke6 76. Ra8 d4 77. Re8+ Kd5) 76. Bc1 Ke6 77. Rg1 (77. Re8+ $142 Kd5 78. Ra8) 77... Kf7 78. Bf4 Bf5 79. Bd6 Be4 80. Bc5 Bf5 81. Kf3 d3 82. Kf4 Bg6 83. Ke3 Bh4 $2 (83... d2 84. Kxd2 Bf5 (84... Bh7 $2 85. Ke3 $18) 85. Ke3) (83... Bc3 $18 84. Bd4 Bxd4+ 85. Kxd4 Kf6) 84. Bd4 Be7 {[%emt 0:00:07] [#]} 85. h7 $1 {[%emt 0:00:15] Weighted Error Value: White=0.15 (very precise) /Black=0.10 (very precise) .  Missed win:     	White=1     	---        Mistake:       	White=5     	Black=8      Inaccurate:     	White=3     	Black=3      OK:         	White=30    	Black=28     Best:        	White=9     	Black=8      Strong:       	---       	Black=4} 1-0